 Dungeon Crawl Stone Soup version 0.27.0-1-g7a089689b8 (webtiles) character file.

Game seed: 7437372071561264230

90 horus123 the Firebug (level 4, -2/27 HPs)
             Began as an Octopode Fire Elementalist on Aug 1, 2021.
             Slain by a gnoll (6 damage)
             ... on level 2 of the Dungeon.
             The game lasted 00:05:48 (1230 turns).

horus123 the Firebug (Octopode Fire Elementalist)   Turns: 1230, Time: 00:05:49

Health: -2/27      AC:  1    Str:  7    XL:     4   Next: 56%
Magic:  3/7        EV: 13    Int: 18    God:
Gold:   20         SH:  0    Dex: 12    Spells: 0/8 levels left

rFire    . . .     SeeInvis .   (no weapon)
rCold    . . .     Faith    .   (no shield)
rNeg     . . .     Spirit   .   (helmet restricted)
rPois    .         Reflect  .   (no amulet)
rElec    .         Harm     .   (no ring)
rCorr    .         Rampage  .   (no ring)
Will     .....                  (no ring)
Stlth    +++.......             (no ring)
HPRegen  0.09/turn              (no ring)
MPRegen  0.10/turn              (no ring)
                                (no ring)
                                (no ring)

@: very slightly contaminated
A: almost no armour, amphibious, 8 rings, camouflage 1, gelatinous body 1,
(nimble swimmer 1), tentacles
a: no special abilities


You were on level 2 of the Dungeon.
You visited 1 branch of the dungeon, and saw 2 of its levels.

You collected 20 gold pieces.

Inventory:

Missiles
 a - 7 boomerangs
Wands
 c - a wand of flame (12)
Scrolls
 b - 2 scrolls of identify
 d - a scroll of brand weapon


   Skills:
 + Level 2.9 Dodging
 + Level 3.0 Stealth
 + Level 2.5 Spellcasting
 + Level 1.2 Conjurations
 + Level 4.0 Fire Magic
 * Level 0.2 Air Magic


You couldn't memorise any spells.
You knew the following spells:

 Your Spells              Type           Power      Damage    Failure   Level
a - Foxfire               Conj/Fire      44%        2x1d6     6%          1
b - Airstrike             Air            1%         N/A       83%         4
c - Inner Flame           Hex/Fire       9%         N/A       22%         3

Your spell library contained the following spells:

 Spells                   Type           Power      Damage    Failure   Level
 Conjure Flame            Conj/Fire      11%        6-21      17%         3
 Corpse Rot               Necr/Air       N/A        N/A       26%         2
 Sticky Flame             Conj/Fire      11%        2d3       50%         4
 Fireball                 Conj/Fire      5%         3d5       85%         5
 Dispel Undead            Necr           2%         3d7       86%         4
 Summon Lightning Spire   Summ/Air       2%         N/A       86%         4
 Lightning Bolt           Conj/Air       2%         1d13      98%         5
 Death Channel            Necr           1%         N/A       100%        6


Dungeon Overview and Level Annotations

Branches:
Dungeon (1/15)

Altars:


Innate Abilities, Weirdness & Mutations

You cannot wear most types of armour.
You are amphibious.
You can wear up to eight rings at the same time.
Your skin changes colour to match your surroundings (Stealth+).
Your rubbery body absorbs attacks. (AC +1, EV +1)
((You are camouflaged near water. (Stealth+)))
You have tentacles for arms and can constrict up to eight enemies at once.


Message History

You see here a jackal corpse.
Found a ring mail.
You see here a +0 ring mail.
A gnoll comes into view. It is wielding a +0 spear.
Unknown command.
Okay, then.
This spell is extremely dangerous to cast!
Memorise Inner Flame, consuming 3 spell levels and leaving 0?
The gnoll shouts!
You start memorising the spell.
You continue memorising. x3
You finish memorising.
Spell assigned to 'c'.
Casting: Foxfire (safe; 6% risk of failure)
Confirm with . or Enter, or press ? or * to list all spells.
The spell is potentially lethal to cast (83% risk of failure)!
Continue anyway?
Aiming: Airstrike (potentially lethal; 83% risk of failure)
Press: ? - help, Dir - move target, f - gnoll
Aim: a gnoll, wielding a +0 spear You miscast Airstrike.
You are very lightly contaminated with residual magic.
You are caught in an explosion of electrical discharges!
Ouch! That really hurt!
A gnoll comes into view. It is wielding a +0 whip.
You see here a +0 ring mail.
The gnoll closely misses you.
The gnoll hits you from afar with a +0 spear!
* * * LOW HITPOINT WARNING * * *
You are too injured to fight recklessly!
Casting: Foxfire (safe; 6% risk of failure)
Press: ? - help, Q - select action, (/) - cycle Dir - look around, f - activate You conjure some foxfire!
The gnoll closely misses you.
The foxfire hits the gnoll.
The gnoll is lightly wounded.
The foxfire hits the gnoll.
The gnoll is moderately wounded.
Casting: Foxfire (safe; 6% risk of failure)
Press: ? - help, Q - select action, (/) - cycle Dir - look around, f - activate You conjure some foxfire!
The gnoll hits you from afar with a +0 spear.
You die...

....................#
.############.##.####
.# #..#.# .# ##.#.#
######### .# #.#.#
#........ ## #.#.#
#.####.## #..g# #.#
#.## ##v.# ##.# #.#
#v@# #..♣♣♣♣♣♣# ##.#
#.♣♣...†.♣ #.#
#♣...♣♣♣..
#.#######.♣♣♣♣#♣♣♣
#>.............♣♣.
#############♣♣♣.♣
♣♣...♣ #.♣♣♣♣ #.#


You could see a gnoll (ally target).

Vanquished Creatures
  Natasha (D:2)
  Robin (D:2)
  2 adders (D:2)
  A dart slug (D:1)
  3 ball pythons
  9 goblins (D:2)
  3 hobgoblins (D:2)
  2 jackals (D:2)
  3 kobolds
  2 quokkas
  3 bats
  A frilled lizard (D:1)
  A rat (D:2)
32 creatures vanquished.

Vanquished Creatures (others)
  57 foxfires
57 creatures vanquished.

Grand Total: 89 creatures vanquished

Notes
Turn   | Place    | Note
-------+----------+-------------------------------------------
     0 | D:1      | horus123 the Octopode Fire Elementalist began the quest for
                  | the Orb.
     0 | D:1      | Reached XP level 1. HP: 11/11 MP: 3/3
   125 | D:1      | Reached XP level 2. HP: 17/17 MP: 0/5
   231 | D:1      | You fall into a shaft and drop 1 floor!
   244 | D:2      | Noticed Natasha
   262 | D:2      | Found a faded altar of an unknown god.
   320 | D:2      | Killed Natasha
   321 | D:2      | Reached XP level 3. HP: 21/21 MP: 3/6
   485 | D:2      | Noticed Robin
   500 | D:2      | Killed Robin
   515 | D:2      | HP: 1/21 [goblin[Robin] (5)]
   529 | D:2      | Reached XP level 4. HP: 3/27 MP: 1/7
   855 | D:2      | Reached skill level 4 in Fire Magic
  1005 | D:2      | Learned a level 4 spell: Airstrike
  1206 | D:2      | Learned a level 3 spell: Inner Flame
  1230 | D:2      | Slain by a gnoll

Illustrated notes

Levels and vault maps discovered:
D:1:      dpeg_arrival_brainrot, layout_basic, minmay_tripent
D:2:      layout_basic, shapermc_ecumenical_altar_totnotflames, uniq_robin,
          uniq_natasha

Skill      XL: |  1  2  3  4 |
---------------+-------------+-----
Fire Magic     | 4 |  4.0
Stealth        | 3 |  3.0
Dodging        | |  2.9
Spellcasting   | |  2.5
Conjurations   | |  1.2
Air Magic      | |  0.2

Action                   |  1- 3 |  4- 6 || total
-------------------------+-------+-------++-------
Melee: Unarmed           |     9 |    12 ||    21
       Constrict         |     5 |     5 ||    10
       Tentacles         |     3 |     2 ||     5
 Cast: Foxfire           |    25 |    13 ||    38
  Use: Scroll            |       |     1 ||     1
 Stab: Sleeping          |       |     1 ||     1
Armor: Skin              |       |     1 ||     1
Dodge: Dodged            |     5 |    20 ||    25
